 Dungeon Crawl Stone Soup version 0.18-a0-1372-gd644665 (webtiles) character file.

114 Oracle the Skirmisher (level 4, -5/35 HPs)
             Began as a Mummy Chaos Knight on Feb 21, 2016.
             Slain by an ettin
             ... wielding a +2 dire flail of crushing
              (35 damage)
             ... on level 1 of the Dungeon.
             The game lasted 00:07:41 (11037 turns).

Oracle the Skirmisher (Mummy Chaos Knight)         Turns: 11037, Time: 00:07:41

Health: -5/35      AC:  5    Str: 16    XL:     4   Next: 66%
Magic:  4/4        EV: 11    Int: 11    God:    Xom [......]
Gold:   96         SH:  0    Dex: 11    Spells: 0 memorised, 3 levels left

rFire  x . .     SeeInvis .     a - +0 falchion (chaos)
rCold  + + .     Gourm    .     b - +2 leather armour
rNeg   + + +     Faith    .     (no shield)
rPois  ∞         Spirit   .     (no helmet)
rElec  .         Dismiss  .     (no cloak)
rCorr  .         Reflect  .     (no gloves)
SustAt .         Harm     .     (no boots)
MR     .....                    (no amulet)
Stlth  +.........               (no ring)
                                c - ring of protection from cold

@: not resistant to hostile enchantments, very unstealthy
A: no food or potions, fire vulnerability, cold resistance 1, negative energy
resistance 3, torment resistance, unbreathing
a: Renounce Religion


You were on level 1 of the Dungeon.
You worshipped Xom.
You were a very special plaything of Xom.
You were not hungry.

You visited 1 branch of the dungeon, and saw 2 of its levels.

You collected 96 gold pieces.

Inventory:

Hand Weapons
 a - a +0 falchion of chaos (weapon)
 l - a +1 club of chaos
Missiles
 d - 3 curare-tipped needles
 i - a throwing net (quivered)
Armour
 b - a +2 leather armour (worn)
Rods
 j - a +4 iron rod (14/14)
   (Xom gifted it to you on level 1 of the Dungeon)
Jewellery
 c - a ring of protection from cold (left hand)
Scrolls
 f - a scroll of remove curse


   Skills:
 + Level 3.5 Fighting
 + Level 3.2 Long Blades
 + Level 2.3 Armour
 + Level 1.8 Dodging
 - Level 0.1 Stealth
 * Level 0.4 Evocations


You had 3 spell levels left.
You didn't know any spells.

Dungeon Overview and Level Annotations

Branches:
Dungeon (2/15)

Altars:
Xom


Innate Abilities, Weirdness & Mutations

You do not eat or drink.
Your flesh is vulnerable to fire.
You are immune to poison.
Your flesh is cold resistant.
You are immune to negative energy.
You are immune to unholy pain and torment.
You can survive without breathing.


Message History

You feel forgetful for a moment.
Xom is mildly amused.
The ogre mage shouts!
The adder bites you but does no damage. The adder bites you.
Read which item? (? for menu, Esc to quit)
As you read the scroll labeled LEUDOSHR FUNKI, it crumbles to dust.
The scroll dissolves into smoke.
It was a scroll of fog.
Xom is amused.
Read which item? (? for menu, Esc to quit)
As you read the scroll labeled EZXINL OGYS, it crumbles to dust.
It is a scroll of identify.
You don't have any unidentified items.
A hornet comes into view. "Let's see if it's strong enough to survive yet."
You hit the orange demon.
The orange demon is lightly wounded.
The ettin hits you with a dire flail of crushing!!
Ouch! That really hurt!
You die...
Xom snickers!

#.# #.#......§§#.#.s....# #.#
####.#####..§.#...###..#
#.#######........§.##[.#....#
#........######..s§##..#.#.##
########.####.#...O##y.#.#.##
####### ###.####.#.O..###.#.....
#.^...# ###......#.##.###.......
#.###.############S##...#..)....
#.# #........54@CO.#.....#[.....
#.##################.....#.)#)##
#..................%.....##)#_##
####################.....##_#.##
############.....##.).##
############.....###..##
############.....###.>##
############.....#######
#.....#######


You could see an ettin, an ogre mage, an orange demon, a two-headed ogre, an
ogre, an adder, a white imp and a giant cockroach.

Vanquished Creatures
  Jessica (D:2)
  2 gnolls
  A gnoll (shapeshifter) (D:1)
  An ooze (D:1)
  A worm (D:1)
  A giant gecko (D:2)
  3 giant cockroaches
  6 goblins
  5 hobgoblins
  9 jackals
  3 bats
  2 giant newts
  6 kobolds
  8 rats
49 creatures vanquished.

Notes
Turn   | Place    | Note
--------------------------------------------------------------
     0 | D:1      | Oracle the Mummy Chaos Knight began the quest for the Orb.
     0 | D:1      | Reached XP level 1. HP: 18/18 MP: 1/1
    57 | D:1      | XOM: harmless Hex miscast
    85 | D:1      | XOM: confusion (+ monsters)
   130 | D:1      | Reached XP level 2. HP: 20/24 MP: 2/2
   152 | D:1      | XOM: polymorph bat -> gnoll
   154 | D:1      | Reached skill level 1 in Dodging
   522 | D:1      | Reached XP level 3. HP: 24/29 MP: 3/3
  1129 | D:1      | XOM: summons 3 hostile shadow creatures
  1663 | D:1      | XOM: summons 1 hostile demon
  1800 | D:2      | XOM: stat loss: -1 Str (15/16)
  2106 | D:1      | XOM: summons 1 hostile demon
  2107 | D:1      | Noticed a neqoxec
  2199 | D:2      | XOM: medium Divn miscast
  2416 | D:1      | XOM: noise
  2846 | D:1      | XOM: mild Hex miscast
  2881 | D:1      | XOM: harmless Ice miscast
  3086 | D:1      | XOM is BORED!
  3086 | D:1      | XOM: mild Air miscast
  3137 | D:1      | XOM: divination: detect creatures
  3452 | D:1      | HP: 1/29 [worm (11)]
  3452 | D:1      | XOM: butterfly on damage
  4007 | D:1      | XOM: scenery: create altars
  4560 | D:1      | XOM: god gift: 34 gold pieces
  4974 | D:1      | XOM: god gift: gnarled smoking rod {god gift}
  5142 | D:1      | XOM: vitrification
  6527 | D:1      | XOM is BORED!
  6527 | D:1      | XOM: summons 1 hostile demon
  7398 | D:1      | XOM: silly message
  7565 | D:1      | XOM: colour smoke trail
  7758 | D:1      | Noticed an eight-headed hydra
  7795 | D:2      | Reached XP level 4. HP: 35/35 MP: 4/4
  8019 | D:2      | XOM: polymorph giant gecko -> gnoll
  8049 | D:2      | Noticed Jessica
  8073 | D:2      | Killed Jessica
  8355 | D:1      | XOM: medium Necr miscast
  8716 | D:1      | XOM: chaos upgrade
  9722 | D:1      | XOM: colour smoke trail
  9802 | D:1      | XOM: colour smoke trail
 10190 | D:1      | XOM: 1-stop teleportation journey
 10569 | D:1      | XOM: silly message
 11014 | D:1      | XOM: 1-stop teleportation journey
 11014 | D:1      | Noticed a boggart
 11014 | D:1      | an iguana changed into a boggart
 11015 | D:1      | Noticed a cyclops
 11015 | D:1      | Noticed an ettin
 11018 | D:1      | Noticed an ice beast
 11018 | D:1      | a boggart changed into an ice beast
 11019 | D:1      | Noticed an ogre
 11020 | D:1      | Noticed a two-headed ogre
 11024 | D:1      | Noticed an ogre mage
 11031 | D:1      | Noticed a hornet
 11036 | D:1      | XOM: summons 2 hostile demons
 11037 | D:1      | Noticed an orange demon
 11037 | D:1      | Slain by an ettin

Vault maps used:
D:1:      mrwooster_arrival_statue_3
D:2:      nicolae_overflow_hidden_temple, grunt_dithmenos_smoke_and_mirrors,
          uniq_jessica, uniq_natasha, uniq_robin

Action                   |  1- 3 |  4- 6 || total
-------------------------+-------+-------++-------
Melee: Falchion          |   153 |    37 ||   190
       Rod               |     4 |       ||     4
Evoke: Rod               |     9 |     5 ||    14
  Use: Scroll            |       |     5 ||     5
 Stab: Petrified         |     1 |       ||     1
